Map: Ascension to Aiur LE

Players

VortiX

  • Race: Zerg Zerg
  • Spawn Location: 11:00

stakiimaN (stakimaN) - Winner!

  • Race: Zerg Zerg
  • Spawn Location: 5:00

Event: WCS Valencia 2017

VOD

Have the link to the VOD?

Description

Time

  • Played on: July 13, 2017, 10:31 a.m.
  • Length: 12:56

All games in this series

Show
View Real Time Build Order
Export as new Build Order

VortiX Zerg 

Build Orders: Hatch First, Zergling Baneling 

Get SALT Encoding   

  12  0:00  Drone  
  13  0:12  Overlord  
  13  0:17  Drone  
  14  0:30  Drone x2  
  14  0:34  Drone  
  17  0:50  Hatchery  
  17  0:54  Drone  
  17  0:57  Drone  
  18  1:08  Extractor  
  17  1:12  Spawning Pool  
  17  1:15  Drone  
  17  1:18  Drone  
  18  1:28  Drone  
  19  1:38  Overlord  
  19  1:58  Queen  
  19  1:59  Zergling x4  
  23  2:02  Queen, Drone  
  23  2:08  Metabolic Boost  
  26  2:10  Drone  
  26  2:13  Drone  
  28  2:21  Drone  
  29  2:26  Drone  
  30  2:36  Hatchery  
  29  2:44  Baneling Nest  
  29  2:45  Drone  
  29  2:49  Drone  
  30  2:54  Drone  
  30  2:57  Drone  
  31  3:01  Zergling x4  
  33  3:08  Overlord  
  33  3:09  Zergling x4  
  35  3:25  Queen  
  37  3:28  Baneling x2, Drone  
  37  3:29  Drone x4  
  37  3:34  Drone  
  43  3:40  Overlord  
  43  3:51  Overlord  
  43  3:53  Zergling x4  
  44  3:56  Drone x5  
  48  4:07  Drone x3  
  51  4:11  Baneling x3  
  51  4:12  Baneling  
  51  4:13  Zergling x10  
  53  4:17  Extractor  
  53  4:18  Zergling x2  
  53  4:26  Roach Warren  
  53  4:29  Evolution Chamber  
  50  4:32  Baneling x2  
  50  4:36  Drone x3  
  50  4:37  Drone x4  
  57  4:42  Lair  
  57  4:49  Drone x2  
  57  4:50  Drone x3  
  62  4:55  Drone  
  62  4:56  Drone x2  
  65  5:06  Zerg Missile Weapons Level 1  
  63  5:08  Extractor  
  63  5:10  Extractor  
  63  5:12  Roach x2  
  63  5:13  Overlord  
  64  5:22  Overlord x2  
  64  5:31  Drone x3  
  64  5:32  Drone  
  64  5:34  Drone x4  
  69  5:36  Roach x2  
  69  5:42  Overlord x2  
  73  5:43  Roach x3  
  73  5:44  Glial Reconstitution  
  73  5:47  Overseer  
  79  5:50  Drone  
  79  5:53  Drone x2  
  82  5:59  Roach x2  
  82  6:00  Roach x2  
  82  6:03  Overlord x2  
  90  6:08  Overlord  
  90  6:09  Roach x4  
  90  6:10  Roach  
  100  6:17  Overlord  
  100  6:18  Roach x4  
  99  6:27  Overlord  
  99  6:29  Roach x4  
  99  6:32  Roach x2  
  111  6:34  Roach  
  113  6:41  Overlord x2  
  113  6:42  Drone x2  
  113  6:46  Drone x3  
  118  6:50  Overlord  
  118  6:54  Roach  
  118  6:55  Roach  
  118  7:00  Zerg Missile Weapons Level 2  
  122  7:06  Drone x3  
  122  7:07  Extractor, Drone x3  
  127  7:10  Roach  
  127  7:13  Roach x3  
  135  7:19  Roach x3  
  138  7:25  Roach x2  
  138  7:26  Overlord  
  138  7:29  Roach x3  
  148  7:33  Roach x2  
  148  7:36  Roach x2  
  156  7:40  Tunneling Claws  
  156  7:45  Burrow  
  156  7:49  Overlord x2  
  156  7:51  Overlord  
  156  7:57  Roach x4  
  164  7:59  Overlord  
  164  8:02  Roach  
  164  8:03  Roach  
  168  8:08  Roach  
  168  8:09  Roach x2  
  174  8:13  Roach  
  174  8:14  Roach x2  
  174  8:19  Roach x4  
  184  8:22  Roach x2  
  184  8:27  Roach x2  
  190  8:30  Ravager  
  190  8:33  Roach x3  
  196  8:38  Roach  
  194  9:09  Roach x9  
  190  9:19  Roach x6  
  190  9:21  Hatchery  
  181  9:26  Roach  
  181  9:27  Roach x11  
  164  9:38  Roach x6  
  157  9:47  Roach x21  
  157  9:49  Roach x6  
  154  9:59  Overseer  
  132  10:06  Roach x20  
  116  10:12  Roach x6  
  114  10:15  Drone x3  
  114  10:16  Drone x5  
  122  10:35  Drone  
  122  10:36  Drone x6  
  122  10:41  Roach x4  
  125  10:51  Drone x3  
  125  10:52  Drone x2  
  130  10:58  Roach x3  
  130  11:02  Roach  
  130  11:04  Roach  
  132  11:17  Roach x3  
  138  11:19  Roach  
  138  11:24  Roach x4  
  138  11:25  Roach x5  
  140  11:28  Drone x2  
  140  11:29  Queen, Drone  
  143  11:33  Roach x38  
  143  11:39  Roach x2  
  151  11:45  Roach  
  151  11:46  Roach  
  155  11:50  Roach x43  
  155  11:51  Roach x2  
  153  11:58  Roach x3  
  153  12:00  Queen  
  155  12:03  Roach  
  155  12:06  Drone x2  
  155  12:07  Drone  
  156  12:10  Roach  
  156  12:13  Roach  
  156  12:15  Roach  
  162  12:19  Roach  
  162  12:21  Roach  
  166  12:27  Roach x2  
  166  12:28  Roach  
  164  12:35  Roach x3  
  150  12:50  Unknown  
  150  12:51  Unknown x7  
Show
View Real Time Build Order
Export as new Build Order

stakiimaN Zerg - Winner!

Build Orders: Hatch First 

Get SALT Encoding   

  12  0:00  Drone  
  13  0:12  Overlord  
  13  0:17  Drone  
  14  0:30  Drone  
  14  0:31  Drone  
  14  0:34  Drone  
  17  0:51  Hatchery  
  17  0:54  Drone  
  17  0:57  Drone  
  18  1:07  Extractor  
  17  1:13  Spawning Pool  
  17  1:15  Drone  
  18  1:18  Drone  
  18  1:28  Drone  
  19  1:38  Overlord  
  19  1:49  Drone  
  20  1:59  Queen  
  20  2:00  Zergling x2  
  23  2:04  Queen, Zergling x2  
  23  2:07  Metabolic Boost  
  26  2:10  Drone  
  26  2:14  Drone  
  28  2:21  Drone  
  29  2:25  Drone  
  30  2:32  Drone  
  30  2:36  Drone  
  32  2:43  Hatchery  
  31  2:46  Baneling Nest  
  31  2:47  Zergling x2  
  31  2:59  Overlord  
  31  3:00  Zergling x4  
  33  3:09  Drone x3  
  33  3:11  Overlord  
  36  3:18  Drone  
  36  3:19  Drone x3  
  40  3:23  Overlord  
  40  3:30  Baneling x3  
  40  3:31  Zergling x4  
  42  3:35  Baneling  
  42  3:40  Zergling x2  
  42  3:41  Zergling x6  
  46  3:51  Baneling x2  
  46  3:55  Drone x6  
  51  3:58  Drone  
  51  4:05  Drone  
  51  4:07  Drone  
  51  4:09  Drone  
  54  4:10  Extractor x2, Overlord  
  54  4:12  Drone x2  
  54  4:16  Drone x2  
  54  4:20  Drone  
  54  4:22  Evolution Chamber, Queen  
  56  4:26  Drone  
  56  4:27  Drone  
  56  4:39  Drone x2  
  56  4:41  Extractor  
  56  4:43  Zergling x10  
  62  4:47  Zerg Missile Weapons Level 1  
  62  4:48  Drone  
  62  4:49  Drone x3  
  62  4:50  Drone  
  67  5:01  Overlord  
  67  5:03  Lair, Drone  
  67  5:04  Drone  
  67  5:06  Drone  
  68  5:08  Drone x3  
  68  5:10  Drone  
  68  5:11  Burrow  
  68  5:13  Drone  
  73  5:14  Roach Warren  
  73  5:16  Drone  
  72  5:23  Drone  
  72  5:24  Drone x3  
  72  5:25  Extractor, Drone  
  72  5:27  Extractor  
  72  5:28  Drone  
  76  5:35  Drone x4  
  80  5:45  Overlord  
  80  5:46  Overlord x5  
  80  5:52  Baneling  
  80  5:53  Baneling  
  80  5:54  Roach  
  82  6:02  Unknown  
  81  6:04  Roach  
  81  6:05  Roach x5  
  81  6:07  Roach x2  
  81  6:08  Roach x3  
  81  6:10  Glial Reconstitution, Roach  
  105  6:12  Roach  
  105  6:15  Overlord  
  106  6:19  Roach  
  106  6:22  Roach  
  106  6:24  Roach  
  111  6:26  Roach x3  
  111  6:30  Roach  
  111  6:32  Roach  
  121  6:34  Roach x3  
  121  6:37  Roach  
  121  6:39  Roach  
  131  6:40  Roach  
  131  6:41  Roach x2  
  131  6:43  Zerg Missile Weapons Level 2  
  137  6:47  Overlord  
  137  6:48  Overlord  
  137  6:54  Overlord  
  137  6:57  Baneling x2  
  137  7:07  Roach  
  137  7:08  Hatchery, Roach x4  
  146  7:14  Roach x3  
  154  7:15  Roach  
  154  7:17  Roach  
  154  7:18  Roach  
  154  7:20  Roach  
  159  7:23  Roach  
  159  7:26  Overlord  
  159  7:27  Overlord  
  159  7:29  Tunneling Claws  
  161  7:42  Overlord x3  
  161  7:45  Ravager  
  161  7:46  Ravager x3  
  161  7:47  Roach  
  161  7:50  Roach x2  
  171  7:51  Extractor  
  171  7:52  Roach  
  171  7:54  Roach  
  174  7:59  Roach x2  
  174  8:02  Roach x2  
  182  8:07  Roach x3  
  182  8:11  Roach x12  
  182  8:12  Roach  
  194  8:21  Roach x3  
  200  8:38  Extractor  
  199  8:53  Roach x10  
  199  8:55  Roach x2  
  199  8:57  Roach x11  
  196  9:25  Roach  
  196  9:26  Roach  
  196  9:27  Roach x5  
  196  9:28  Roach  
  196  9:30  Roach  
  182  9:31  Roach x6  
  182  9:32  Roach  
  182  9:33  Roach x9  
  182  9:36  Roach x13  
  182  9:37  Roach x8  
  189  9:40  Roach x2  
  189  9:45  Roach  
  183  9:48  Roach  
  183  9:49  Roach  
  171  9:59  Roach x2  
  155  10:00  Roach  
  155  10:06  Overseer, Roach x3  
  140  10:12  Roach  
  140  10:13  Roach x2  
  137  10:18  Roach  
  137  10:19  Overseer, Ravager x2  
  141  10:21  Roach  
  141  10:22  Roach  
  143  10:29  Roach  
  143  10:30  Roach  
  143  10:32  Roach  
  143  10:33  Queen  
  145  10:39  Roach  
  145  10:41  Roach  
  140  10:44  Queen x2  
  140  10:45  Roach  
  140  10:49  Roach  
  145  10:54  Roach x4  
  153  10:57  Roach  
  153  11:00  Roach  
  153  11:06  Roach x2  
  153  11:08  Overseer  
  155  11:12  Roach  
  155  11:15  Roach  
  155  11:17  Roach  
  161  11:21  Roach  
  163  11:26  Roach  
  163  11:27  Roach  
  167  11:33  Roach  
  167  11:36  Roach  
  167  11:39  Roach  
  173  11:43  Roach  
  168  11:55  Roach  
  168  11:56  Roach  
  168  11:57  Roach x6  
  168  11:59  Roach  
  186  12:06  Roach x5  
  196  12:14  Roach  
  198  12:16  Roach  
  184  12:36  Roach x6  
Tags
 
Add a new tag
Caveats
  • Supply blocks, unpowered buildings, or Contaminate may cause inaccurate times.
  • Supply counts are checked every 10 seconds.